[Event "Titled Tuesday Blitz February 15 Early 2022"]
[White "Zheenbekov, Nurgazy"]
[Black "Chernomordik, Pavel"]
[WhiteFideId "13800485"]
[BlackFideId "2804530"]
[WhiteElo "1959"]
[BlackElo "2249"]
[Result "1/2-1/2"]
[Round "10"]
[TimeControl "180+1"]
[Date "2022.02.15"]
[WhiteClock "0:00:05"]
[BlackClock "0:00:04"]

1. e4 g6 2. d4 Bg7 3. Nc3 d6 4. Bc4 e6 5. Nf3 a6 6. a4 b6 7. O-O Bb7 8. Re1 Nd7 9. Ba2 Ne7 10. h4 h6 11. Bf4 Nf6 12. Qd3 d5 13. exd5 Nexd5 14. Nxd5 Nxd5 15. Bd2 a5 16. c3 O-O 17. Rad1 Qd6 18. Ne5 c5 19. dxc5 bxc5 20. Ng4 Qe7 21. Nxh6+ Kh7 22. Bxd5 Bxd5 23. Qxd5 Bxh6 24. Bxh6 Kxh6 25. Qe5 Rad8 26. g3 Kh7 27. h5 Rxd1 28. Rxd1 Rd8 29. hxg6+ Kxg6 30. Rxd8 Qxd8 31. Qxc5 Qd1+ 32. Kh2 Qxa4 33. b4 axb4 34. cxb4 e5 35. b5 e4 36. b6 Qb3 37. Qc6+ Kf5 38. b7 Qb2 39. Qc5+ Kg4 40. Qa7 e3 41. Qa4+ Kh5 42. Qh4+ Kg6 43. Qg4+ Kh7 44. Qh4+ Kg6 45. Qg4+ Kh7 46. Qe4+ Kg7 47. Qg4+ Kh7 1/2-1/2


[Site "https://www.chess.com"]

[Event "Titled Tuesday Blitz February 15 Early 2022"]
[White "Aaditya Dhingra"]
[Black "Hess, Robert"]
[WhiteFideId "25678191"]
[BlackFideId "2022036"]
[WhiteElo "1789"]
[BlackElo "2557"]
[Result "0-1"]
[Round "11"]
[TimeControl "180+1"]
[Date "2022.02.15"]
[WhiteClock "0:00:14"]
[BlackClock "0:00:29"]

1. e4 g6 2. d4 Bg7 3. Nf3 a6 4. a4 e6 5. Nc3 Ne7 6. Bd3 d6 7. Bg5 h6 8. Be3 Nd7 9. Qd2 b6 10. O-O-O Bb7 11. h4 Nf6 12. Kb1 b5 13. axb5 axb5 14. Bxb5+ c6 15. Bd3 Qa5 16. Kc1 Ng4 17. Nb1 Qc7 18. Rhe1 O-O 19. h5 gxh5 20. Rh1 Ra5 21. e5 dxe5 22. Rxh5 Nxe3 23. fxe3 c5 24. Nxe5 c4 25. Bxc4 Rxe5 26. dxe5 Qxc4 27. Rdh1 Nf5 28. g4 Qxg4 29. R1h2 Qg1+ 30. Qd1 Qxe3+ 31. Nd2 Qxe5 32. c3 Ra8 33. Qg4 Ra1+ 34. Nb1 Qe1+ 0-1


[Site "https://www.chess.com"]

[Event "Titled Tuesday Blitz February 15 Early 2022"]
[White "Agasarov, Benik"]
[Black "Shvedova, Alexandra"]
[WhiteFideId "13314823"]
[BlackFideId "54154782"]
[WhiteElo "2588"]
[BlackElo "1920"]
[Result "1-0"]
[Round "11"]
[TimeControl "180+1"]
[Date "2022.02.15"]
[WhiteClock "0:00:07"]
[BlackClock "0:00:08"]

1. e4 c5 2. Nf3 d6 3. d4 cxd4 4. Nxd4 Nf6 5. Nc3 a6 6. g3 e5 7. Nde2 b5 8. Bg2 Bb7 9. O-O Nbd7 10. Bg5 Be7 11. a3 h6 12. Bxf6 Nxf6 13. Nd5 Nxd5 14. exd5 h5 15. f4 h4 16. fxe5 dxe5 17. Qd3 hxg3 18. Qxg3 Bf6 19. Nc3 Qb6+ 20. Kh1 O-O-O 21. a4 b4 22. a5 Qc7 23. Na4 Qxa5 24. c4 Qc7 25. c5 Kb8 26. c6 Bc8 27. Nc5 a5 28. Qd3 Rxh2+ 29. Kxh2 e4+ 30. d6 Qxc6 31. Qxe4 Qxd6+ 32. Rf4 Rh8+ 33. Kg1 Qxc5+ 34. Rf2 Bd4 35. Qf4+ Ka7 36. Qxf7+ Kb8 37. Qf4+ Ka7 38. Rxa5+ Qxa5 39. Qxd4+ Qb6 40. Qxg7+ Bb7 41. Qxh8 Bxg2 42. Kxg2 Qg6+ 43. Kh1 Qe4+ 44. Rg2 Qe1+ 45. Kh2 Qe5+ 46. Qxe5 b3 47. Rg6 Kb7 48. Qe7+ 1-0


[Site "https://www.chess.com"]

[Event "Titled Tuesday Blitz February 15 Early 2022"]
[White "Alavi, Sayed Javad"]
[Black "Indjic, Aleksandar"]
[WhiteFideId "12500607"]
[BlackFideId "911925"]
[WhiteElo "2475"]
[BlackElo "2616"]
[Result "0-1"]
[Round "11"]
[TimeControl "180+1"]
[Date "2022.02.15"]
[WhiteClock "0:00:06"]
[BlackClock "0:00:39"]

1. d4 Nf6 2. c4 c5 3. e3 g6 4. Nf3 Bg7 5. Be2 O-O 6. O-O d6 7. Nc3 Nc6 8. b3 b6 9. Bb2 Bd7 10. d5 Na5 11. Nd2 e5 12. a3 Nb7 13. f4 exf4 14. exf4 Re8 15. Bf3 h5 16. Re1 Bf5 17. Rxe8+ Qxe8 18. Qe1 Qd7 19. h3 a6 20. Qf1 Re8 21. Re1 Rxe1 22. Qxe1 b5 23. cxb5 axb5 24. a4 b4 25. Nb5 Na5 26. Nc4 Nxc4 27. bxc4 Bd3 28. Qc1 Qd8 29. f5 Bxf5 30. Qf4 Ne8 31. Bxg7 Kxg7 32. Bxh5 b3 33. Bg4 Bc2 34. Qd2 Qf6 35. Nc3 Qd4+ 36. Qxd4+ cxd4 37. Nd1 Nc7 38. Nb2 Na6 39. Kf2 f5 40. Bf3 Nc5 41. Ke2 Kf6 42. Kd2 Ke5 43. a5 Kf4 44. Kc1 Ke3 45. Nd1+ Bxd1 46. Bxd1 g5 47. Kb2 f4 48. Bxb3 Kf2 49. Bd1 Kxg2 50. Bg4 f3 0-1


[Site "https://www.chess.com"]

[Event "Titled Tuesday Blitz February 15 Early 2022"]
[White "Al-Tarboush, Ward"]
[Black "Shuvalova, Polina"]
[WhiteFideId "7601450"]
[BlackFideId "24171760"]
[WhiteElo "2276"]
[BlackElo "2355"]
[Result "1-0"]
[Round "11"]
[TimeControl "180+1"]
[Date "2022.02.15"]
[WhiteClock "0:02:53"]
[BlackClock "0:02:06"]

1. e4 c6 2. Nf3 d5 3. Nc3 Bg4 4. h3 Bxf3 5. Qxf3 e6 6. d3 Nd7 7. Bd2 Bb4 8. g4 Ne7 9. a3 Ba5 10. Bg2 h5 11. gxh5 d4 12. Nb1 Qb6 13. b4 Qb5 14. a4 Qe5 15. bxa5 Rxh5 16. Na3 Rh8 17. Nc4 Qc5 18. Rb1 e5 19. Bb4 1-0


[Site "https://www.chess.com"]

[Event "Titled Tuesday Blitz February 15 Early 2022"]
[White "Altucher, James"]
[Black "Todorovic, Bojan"]
[WhiteFideId "30987458"]
[BlackFideId "917087"]
[WhiteElo "2160"]
[BlackElo "2266"]
[Result "0-1"]
[Round "11"]
[TimeControl "180+1"]
[Date "2022.02.15"]
[WhiteClock "0:00:13"]
[BlackClock "0:00:29"]

1. e4 e5 2. Bc4 Nf6 3. d3 c6 4. Nf3 Be7 5. Nxe5 Qa5+ 6. Nc3 Qxe5 7. f4 Qc7 8. e5 Nd5 9. Qg4 O-O 10. Ne4 d6 11. Qh5 dxe5 12. fxe5 Nd7 13. d4 f5 14. Ng3 Nxe5 15. dxe5 Qxe5+ 16. Ne2 b5 17. Bb3 Be6 18. O-O Ne3 19. Bxe3 Qxe3+ 20. Kh1 Bxb3 21. axb3 g6 22. Qh6 Qxh6 0-1


[Site "https://www.chess.com"]

[Event "Titled Tuesday Blitz February 15 Early 2022"]
[White "Andreikin, Dmitry"]
[Black "Cunjalo, Faris"]
[WhiteFideId "4158814"]
[BlackFideId "14410710"]
[WhiteElo "2736"]
[BlackElo "2263"]
[Result "1/2-1/2"]
[Round "11"]
[TimeControl "180+1"]
[Date "2022.02.15"]
[WhiteClock "0:00:05"]
[BlackClock "0:00:02"]

1. e4 c6 2. Nf3 d5 3. exd5 cxd5 4. Ne5 Nc6 5. d4 a6 6. c4 Nf6 7. Nc3 e6 8. Be3 Bb4 9. Qb3 Qa5 10. Be2 Ne4 11. O-O Nxe5 12. dxe5 dxc4 13. Qxc4 Nxc3 14. bxc3 Be7 15. Qg4 O-O 16. Bd4 Bd7 17. Rae1 Bb5 18. f4 g6 19. f5 exf5 20. Rxf5 Bd7 21. e6 Qxf5 22. exd7 Bc5 23. Qxf5 Bxd4+ 24. cxd4 gxf5 25. Bd3 Rfd8 26. Bxf5 b5 27. d5 a5 28. d6 Rab8 29. Rc1 Kg7 30. g4 Kf6 31. Rc5 h6 32. Kf2 a4 33. Ke3 b4 34. Kd2 b3 35. axb3 Rxb3 36. Rc8 Rb8 37. Rc3 a3 38. Rxa3 Rb2+ 39. Ke3 Rxh2 40. Rc3 Rh3+ 41. Kd4 Rxc3 42. Kxc3 Ke5 43. Kc4 Kxd6 44. Kd4 f6 45. Ke4 Rb8 46. Kf4 Rb4+ 47. Kg3 Ke7 48. Kh4 Rd4 49. Kh5 Kf7 50. Kxh6 Rd2 51. Bg6+ Kf8 52. Bf5 Kf7 53. Bg6+ Ke7 54. Bf5 Kf7 1/2-1/2


[Site "https://www.chess.com"]

[Event "Titled Tuesday Blitz February 15 Early 2022"]
[White "Annaberdiyev, Babageldi"]
[Black "Le, Tuan Minh"]
[WhiteFideId "14000385"]
[BlackFideId "12401153"]
[WhiteElo "2332"]
[BlackElo "2450"]
[Result "0-1"]
[Round "11"]
[TimeControl "180+1"]
[Date "2022.02.15"]
[WhiteClock "0:00:08"]
[BlackClock "0:00:07"]

1. e4 c5 2. Nf3 Nf6 3. d3 Nc6 4. Nbd2 g6 5. g3 Bg7 6. Bg2 O-O 7. O-O d6 8. Re1 Nd7 9. Nf1 b5 10. h4 h5 11. c3 b4 12. d4 bxc3 13. bxc3 Qa5 14. e5 cxd4 15. Nxd4 Nxd4 16. cxd4 Rb8 17. exd6 exd6 18. Bf4 Rb6 19. Ne3 Rb4 20. Nc2 Rb6 21. Ne3 Rb4 22. Nc2 Ra4 23. Bxd6 Rd8 24. Be7 Re8 25. a3 Bf8 26. Bxf8 Rxf8 27. d5 Nf6 28. d6 Bd7 29. Nb4 Rxa3 30. Rxa3 Qxa3 31. Qd4 Ng4 32. Bf3 Qxf3 33. Qf4 Qxf4 34. gxf4 Be6 35. Nc6 Nf6 36. Ra1 Bd7 37. Ne7+ Kg7 38. Rxa7 Rb8 39. f5 gxf5 40. f3 Rb6 41. Ra5 Rxd6 42. Nxf5+ Bxf5 43. Rxf5 Rd4 44. Rg5+ Kf8 45. Rf5 Ke7 46. Re5+ Kd6 47. Rf5 Ke6 48. Ra5 Rxh4 49. Kg2 Nd5 50. Kg3 Rd4 51. Ra6+ Kf5 52. Ra7 h4+ 53. Kh3 f6 54. Ra5 Kf4 55. Kxh4 f5 56. Kh5 Ne3 57. Kh4 Kxf3+ 58. Kh3 f4 59. Ra8 Rd7 60. Rh8 Rd1 61. Kh2 Ng4+ 62. Kh3 Rh1# 0-1


[Site "https://www.chess.com"]

[Event "Titled Tuesday Blitz February 15 Early 2022"]
[White "Arabidze, Meri"]
[Black "Galchenko, Matvey"]
[WhiteFideId "13604040"]
[BlackFideId "24175480"]
[WhiteElo "2329"]
[BlackElo "2453"]
[Result "0-1"]
[Round "11"]
[TimeControl "180+1"]
[Date "2022.02.15"]
[WhiteClock "0:00:03"]
[BlackClock "0:00:05"]

1. d4 Nf6 2. Nf3 c5 3. d5 e6 4. c4 exd5 5. cxd5 d6 6. Nc3 g6 7. Bf4 Bg7 8. h3 O-O 9. e3 Na6 10. Be2 Nc7 11. O-O Re8 12. a4 b6 13. Bc4 a6 14. Re1 Rb8 15. Qe2 Ne4 16. Nxe4 Rxe4 17. Nd2 Re8 18. Ba2 b5 19. Rab1 c4 20. Qf3 f5 21. Qg3 Nxd5 22. Bxd6 f4 23. Bxf4 Nxf4 24. Qxf4 Be5 25. Bxc4+ bxc4 26. Qxc4+ Be6 27. Qc2 Rc8 28. Qd1 Bf5 29. Rc1 Qd7 30. e4 Be6 31. Nf3 Bxb2 32. Rb1 Bc3 33. Qxd7 Bxd7 34. Rec1 Bxa4 35. Rb7 Bb5 36. Ng5 Be5 37. Rxc8 Rxc8 38. g3 Rc1+ 39. Kh2 Rc8 40. Nxh7 Rc7 41. Rxc7 Bxc7 42. Nf6+ Kf7 43. Nd5 Bd8 44. f4 a5 45. Nc3 Bc6 46. e5 Bb6 47. g4 Bd4 48. Na2 a4 49. Kg3 a3 50. f5 Bxe5+ 51. Kh4 Bd5 52. Nb4 Bc4 53. Kg5 gxf5 54. Kxf5 Bc3 55. Nc2 Bd3+ 56. Kg5 Bxc2 0-1


[Site "https://www.chess.com"]

[Event "Titled Tuesday Blitz February 15 Early 2022"]
[White "Ardila, Oscar Humberto"]
[Black "Iljin, Timofey"]
[WhiteFideId "4404742"]
[BlackFideId "14110180"]
[WhiteElo "1898"]
[BlackElo "2396"]
[Result "0-1"]
[Round "11"]
[TimeControl "180+1"]
[Date "2022.02.15"]
[WhiteClock "0:00:02"]
[BlackClock "0:01:44"]

1. d4 f5 2. c4 Nf6 3. Nc3 g6 4. Nf3 Bg7 5. e3 O-O 6. Be2 d6 7. O-O Qe8 8. Qb3 e5 9. c5+ Kh8 10. cxd6 cxd6 11. Bc4 Nc6 12. Bb5 Bd7 13. Ng5 h6 14. Nf3 a6 15. Bxc6 Bxc6 16. d5 Bd7 17. Qxb7 Ng4 18. Qc7 e4 19. Nd4 Qe5 20. g3 Rad8 21. Bd2 g5 22. Ne6 Bxe6 23. dxe6 Qxe6 24. Ne2 d5 25. Bc3 Be5 26. Rad1 Bxc3 27. Qxc3+ Ne5 28. Kg2 Kh7 29. Nd4 Qf6 30. Qa5 f4 31. exf4 gxf4 32. Kg1 f3 33. Kh1 Nc4 34. Qa4 Qg6 35. b3 Ne5 36. Qa5 Qh5 37. Qc7+ Rd7 38. Qc5 Qh3 39. Rg1 Ng4 40. Qxf8 Nxf2# 0-1


[Site "https://www.chess.com"]

[Event "Titled Tuesday Blitz February 15 Early 2022"]
[White "Arngrimsson, Dagur"]
[Black "Goltseva, Ekaterina"]
[WhiteFideId "2301288"]
[BlackFideId "24173770"]
[WhiteElo "2286"]
[BlackElo "2140"]
[Result "1-0"]
[Round "11"]
[TimeControl "180+1"]
[Date "2022.02.15"]
[WhiteClock "0:00:32"]
[BlackClock "0:00:07"]

1. e4 e5 2. Nf3 Nc6 3. d4 exd4 4. Bc4 Nf6 5. O-O Nxe4 6. Re1 d5 7. Bxd5 Qxd5 8. Nc3 Qa5 9. Nxe4 Be6 10. Neg5 O-O-O 11. Bd2 Qb5 12. a4 Qd5 13. Nxe6 fxe6 14. Qe2 Bb4 15. c3 dxc3 16. bxc3 Bc5 17. Rab1 e5 18. Rb5 a6 19. Rb2 Rhe8 20. Reb1 Bb6 21. Be3 e4 22. Nd2 Bxe3 23. Qxe3 b6 24. h3 Qd3 25. Qf4 Qxc3 26. Nxe4 Qe5 27. Qg4+ Qe6 28. f3 Qxg4 29. hxg4 Rd4 30. Rc2 Na5 31. Rxb6 Rxa4 32. Rxa6 Re5 33. Ra7 Rc4 34. Ra2 Nc6 35. Ra8+ Kb7 36. Rg8 Re7 37. Rb2+ Rb4 38. Rc2 Nd4 39. Rd2 Ne6 40. Re2 Rb1+ 41. Kh2 Rc1 42. g5 Nf4 43. Nd6+ Kc6 44. Rxe7 Kxd6 45. Rexg7 Rc2 46. Rd8+ Kc6 47. Rd4 Nxg2 48. Kg3 Ne1 49. Rxh7 Rg2+ 50. Kf4 Rf2 51. Rh3 Ng2+ 52. Kg3 Re2 53. Rh2 Nf4 54. Rxf4 Re3 55. Rc4+ 1-0


[Site "https://www.chess.com"]

[Event "Titled Tuesday Blitz February 15 Early 2022"]
[White "Avazkhonov, Alikhon"]
[Black "Urbina Quiroz, Edwin"]
[WhiteFideId "14208504"]
[BlackFideId "6500650"]
[WhiteElo "1739"]
[BlackElo "2130"]
[Result "0-1"]
[Round "11"]
[TimeControl "180+1"]
[Date "2022.02.15"]
[WhiteClock "0:00:01"]
[BlackClock "0:00:05"]

1. c4 e6 2. Nc3 d5 3. d4 Be7 4. Nf3 Nf6 5. cxd5 exd5 6. Bg5 h6 7. Bh4 O-O 8. Qc2 Be6 9. e3 Nbd7 10. Bd3 c5 11. dxc5 Nxc5 12. O-O Rc8 13. Nd4 Nfe4 14. Bxe7 Qxe7 15. Bxe4 dxe4 16. Rfd1 f5 17. Nxe6 Qxe6 18. Ne2 Nd3 19. Qd2 Qe5 20. Rab1 Rc6 21. Nf4 Nxf4 22. exf4 Qe6 23. Qd5 Qxd5 24. Rxd5 Rc2 25. Rd7 Rf7 26. Rd8+ Kh7 27. h4 h5 28. g3 Rf6 29. Rd5 Kg6 30. Rb5 b6 31. a4 Rd6 32. b4 Rdd2 33. Rf1 e3 34. Re5 Rxf2 35. Rxf2 exf2+ 36. Kf1 Rb2 37. b5 Rb4 38. Kxf2 Rxa4 0-1


[Site "https://www.chess.com"]

[Event "Titled Tuesday Blitz February 15 Early 2022"]
[White "Balint, Vilmos"]
[Black "Nurmanova, Alua"]
[WhiteFideId "718050"]
[BlackFideId "13729390"]
[WhiteElo "2059"]
[BlackElo "1851"]
[Result "0-1"]
[Round "11"]
[TimeControl "180+1"]
[Date "2022.02.15"]
[WhiteClock "0:01:07"]
[BlackClock "0:00:31"]

1. e4 c5 2. Nf3 d6 3. Bb5+ Bd7 4. Qe2 Nf6 5. Nc3 Nc6 6. Bxc6 Bxc6 7. d3 e6 8. O-O Be7 9. Bf4 O-O 10. h3 Nd7 11. Bh2 b5 12. a3 a5 13. a4 bxa4 14. Nxa4 Nb6 15. Nc3 a4 16. d4 cxd4 17. Nxd4 Bb7 18. Rfd1 Ba6 19. Qh5 Qd7 20. Ndb5 g6 21. Qe2 Rfc8 22. Bf4 Rxc3 23. bxc3 Bxb5 24. Qd2 Nc4 25. Qc1 a3 26. Bh6 Bf6 27. Rd3 a2 28. Qf4 Be5 29. Qh4 Na3 30. Rxa2 Bxd3 31. cxd3 Qb5 32. Rxa3 Qb1+ 0-1


[Site "https://www.chess.com"]

[Event "Titled Tuesday Blitz February 15 Early 2022"]
[White "Bettalli, Francesco"]
[Black "Nogerbek, Kazybek"]
[WhiteFideId "2816453"]
[BlackFideId "13710427"]
[WhiteElo "2216"]
[BlackElo "2478"]
[Result "1/2-1/2"]
[Round "11"]
[TimeControl "180+1"]
[Date "2022.02.15"]
[WhiteClock "0:00:32"]
[BlackClock "0:00:51"]

1. d4 f5 2. g4 fxg4 3. e4 d5 4. e5 Bf5 5. h3 gxh3 6. Bxh3 Qd7 7. Qf3 g6 8. Bxf5 Qxf5 9. Qxf5 gxf5 10. Nh3 Nc6 11. c3 O-O-O 12. Ng5 Bh6 13. Nf7 Bxc1 14. Nxh8 Bxb2 15. Kd2 Bxa1 16. Nf7 Rf8 17. Rxh7 f4 18. Kc2 b5 19. a3 a5 20. Ng5 b4 21. Ne6 Re8 22. Ng7 Rd8 23. Ne6 bxc3 24. Nxc3 Re8 25. Nb5 Kd7 26. Nc5+ Kc8 27. Ne6 Nxe5 28. Nbxc7 Rd8 29. Nxd8 Kxd8 30. dxe5 Kxc7 31. Rh8 Bxe5 32. Rxg8 Bd6 33. a4 Kd7 34. Ra8 Bb4 35. Ra6 e6 36. Kd3 Ke7 37. Ra8 Kd6 38. Rh8 e5 39. Rh6+ Kc5 40. f3 Be1 41. Re6 e4+ 42. fxe4 dxe4+ 43. Rxe4 Bg3 44. Rc4+ Kd5 45. Rc8 f3 46. Rf8 f2 47. Ke2 Kc4 48. Rg8 Bd6 49. Kxf2 Kb3 50. Ke2 Kxa4 51. Kd3 Kb3 52. Rd8 Bb4 53. Ra8 a4 54. Rxa4 Kxa4 1/2-1/2


[Site "https://www.chess.com"]

[Event "Titled Tuesday Blitz February 15 Early 2022"]
[White "Bodnaruk, Anastasia"]
[Black "Ter-Sahakyan, Samvel"]
[WhiteFideId "4181751"]
[BlackFideId "13302531"]
[WhiteElo "2393"]
[BlackElo "2592"]
[Result "0-1"]
[Round "11"]
[TimeControl "180+1"]
[Date "2022.02.15"]
[WhiteClock "0:00:02"]
[BlackClock "0:00:03"]

1. e4 c6 2. d4 d5 3. e5 Bf5 4. Nf3 e6 5. Be2 Ne7 6. O-O Ng6 7. c3 Nd7 8. b4 f6 9. exf6 Qxf6 10. Bd3 Bxd3 11. Qxd3 Bd6 12. Bg5 Qf7 13. Nbd2 O-O 14. Rae1 e5 15. dxe5 Ndxe5 16. Nxe5 Nxe5 17. Qh3 Rae8 18. f4 Ng6 19. Rxe8 Rxe8 20. f5 Ne5 21. f6 Qg6 22. Bh4 Bc7 23. Nf3 gxf6 24. Nd4 Ng4 25. Kh1 Re3 26. g3 Qe4+ 27. Qg2 Re1 28. Nf3 Re2 29. Qh3 Rxh2+ 30. Qxh2 Nxh2 31. Kxh2 Qe2+ 32. Kg1 Bb6+ 33. Nd4 Qe3+ 34. Kg2 Qxc3 35. Nf5 Qd3 36. Ne7+ Kf7 37. Rxf6+ Ke8 38. Kh3 Bd8 39. Re6 Qf1+ 40. Kh2 Qf2+ 41. Kh3 Bxe7 42. Rxe7+ Kf8 43. Rxb7 Qxa2 44. Rc7 Qc4 45. Be7+ Kg8 46. Bc5 Qf1+ 47. Kh4 Qf6+ 48. Kh3 Qf5+ 49. Kh4 h5 0-1


[Site "https://www.chess.com"]

[Event "Titled Tuesday Blitz February 15 Early 2022"]
[White "Brunner, Nicolas"]
[Black "Krysa, Leandro"]
[WhiteFideId "620246"]
[BlackFideId "116807"]
[WhiteElo "2372"]
[BlackElo "2490"]
[Result "0-1"]
[Round "11"]
[TimeControl "180+1"]
[Date "2022.02.15"]
[WhiteClock "0:00:03"]
[BlackClock "0:00:55"]

1. d4 d5 2. c4 c6 3. Nf3 Nf6 4. e3 g6 5. Nbd2 Bg7 6. Bd3 O-O 7. O-O b6 8. b3 Bb7 9. Bb2 Nbd7 10. Rc1 e6 11. Qe2 c5 12. Rfd1 Rc8 13. e4 dxe4 14. Nxe4 Nxe4 15. Bxe4 Bxe4 16. Qxe4 Qc7 17. Qe2 cxd4 18. Nxd4 a6 19. Nf3 Rfd8 20. Bxg7 Kxg7 21. Qb2+ Kg8 22. Rd2 Nc5 23. Rcd1 Ne4 24. Rxd8+ Rxd8 25. Rxd8+ Qxd8 26. Qd4 Qxd4 27. Nxd4 Nc3 28. a4 a5 29. f4 Ne4 30. Kf1 Kf8 31. Ke2 Ke7 32. Ke3 Nc5 33. g4 f6 34. Kd2 e5 35. fxe5 fxe5 36. Nf3 Nxb3+ 37. Kc2 e4 38. Ng5 Nc5 39. Nxh7 Nxa4 40. h4 Nc5 41. h5 gxh5 42. gxh5 a4 43. Ng5 Kf6 44. h6 e3 45. h7 Kg7 46. Kc3 a3 0-1


[Site "https://www.chess.com"]

[Event "Titled Tuesday Blitz February 15 Early 2022"]
[White "Budrewicz, Krzysztof"]
[Black "Bintang, Rasyid A. Hidayat"]
[WhiteFideId "1127950"]
[BlackFideId "7105355"]
[WhiteElo "2248"]
[BlackElo "2372"]
[Result "1/2-1/2"]
[Round "11"]
[TimeControl "180+1"]
[Date "2022.02.15"]
[WhiteClock "0:01:35"]
[BlackClock "0:01:48"]

1. d4 d5 2. c4 Nc6 3. Nf3 Bg4 4. cxd5 Bxf3 5. gxf3 Qxd5 6. e3 e5 7. Nc3 Bb4 8. a3 Bxc3+ 9. bxc3 Qd6 10. a4 Nf6 11. Ba3 Qd5 12. Bg2 O-O-O 13. O-O e4 14. fxe4 Nxe4 15. Qg4+ f5 16. Bxe4 Qxe4 17. Qxe4 fxe4 18. f3 Rhe8 19. Rae1 Na5 20. fxe4 Nc4 21. Bc1 Rxe4 22. Rf4 Rde8 23. Rxe4 Rxe4 24. Kf2 g5 25. Kf3 Rh4 26. Re2 h5 27. Kg3 Rg4+ 28. Kf3 Rh4 29. Kg3 Rg4+ 30. Kf3 Rh4 1/2-1/2


[Site "https://www.chess.com"]

[Event "Titled Tuesday Blitz February 15 Early 2022"]
[White "Buscar, Michael"]
[Black "Ovezdurdyyeva, Jemal"]
[WhiteFideId "2603616"]
[BlackFideId "14001888"]
[WhiteElo "2010"]
[BlackElo "1946"]
[Result "1-0"]
[Round "11"]
[TimeControl "180+1"]
[Date "2022.02.15"]
[WhiteClock "0:00:24"]
[BlackClock "0:00:03"]

1. Nf3 Nf6 2. b3 g6 3. Bb2 Bg7 4. e4 O-O 5. e5 Nd5 6. d4 c5 7. c4 Nc7 8. d5 d6 9. Be2 Nd7 10. h4 Nxe5 11. Nxe5 dxe5 12. h5 Bf5 13. g4 Bd7 14. Nd2 Be8 15. Ne4 f6 16. Nxc5 b6 17. Ne4 Bf7 18. Qd2 Ne8 19. O-O-O Nd6 20. Qe3 a5 21. a4 Qc7 22. Kb1 Nxe4 23. Qxe4 Qc5 24. Ka2 Rfd8 25. f4 exf4 26. Qxf4 e5 27. dxe6 Bxe6 28. Ba3 Qe5 29. Qxe5 fxe5 30. Bf3 Rac8 31. Be7 Re8 32. Bg5 Rf8 33. Rhf1 h6 34. Be7 Rf7 35. Ba3 Bf8 36. hxg6 Rf6 37. Bb7 Rxf1 38. Rxf1 Rb8 39. Bd5 Bxd5 40. cxd5 Bxa3 41. Kxa3 Rd8 42. Rf6 Rxd5 43. Rxb6 Rd4 44. Rb5 e4 45. Rxa5 Kg7 46. Ra6 Rd7 47. Re6 Rd4 48. a5 Rd7 49. a6 e3 50. b4 1-0


[Site "https://www.chess.com"]

[Event "Titled Tuesday Blitz February 15 Early 2022"]
[White "Cherniaiev, Tykhon"]
[Black "Siva Mahadevan"]
[WhiteFideId "14182360"]
[BlackFideId "25043153"]
[WhiteElo "2289"]
[BlackElo "2203"]
[Result "0-1"]
[Round "11"]
[TimeControl "180+1"]
[Date "2022.02.15"]
[WhiteClock "0:00:06"]
[BlackClock "0:01:26"]

1. Nf3 Nf6 2. c4 g6 3. b3 Bg7 4. Bb2 O-O 5. g3 d6 6. d4 e5 7. dxe5 Nfd7 8. Bg2 Nc6 9. O-O dxe5 10. Nc3 e4 11. Nd2 f5 12. e3 Nde5 13. Nd5 Nf3+ 14. Bxf3 Bxb2 15. Rb1 Bg7 16. Bg2 Ne5 17. f3 c6 18. Nf4 exf3 19. Nxf3 Ng4 20. Qxd8 Rxd8 21. Rfd1 Re8 22. Rd3 Be6 23. h3 Nf6 24. Nxe6 Rxe6 25. Rbd1 Rae8 26. Rd8 Rxe3 27. Rxe8+ Rxe8 28. Re1 Rxe1+ 29. Nxe1 Kf7 30. Nd3 Bf8 31. Kf2 Bd6 32. c5 Bc7 33. b4 Ne4+ 34. Bxe4 fxe4 35. Nc1 Ke6 36. Ke3 Kd5 37. Ne2 Be5 38. a3 g5 39. a4 h6 40. h4 Bb2 41. hxg5 hxg5 42. Kd2 Bd4 43. g4 Bb2 44. Ke3 Ba3 45. Nc3+ Ke5 46. Nxe4 Bxb4 47. Nxg5 Bxc5+ 48. Kd3 b5 49. axb5 cxb5 50. Ne4 Bd4 51. Nd2 Kd5 52. Nb3 Bf6 53. Kc2 b4 54. Kd3 Bd8 55. Kc2 a5 56. Kd3 a4 57. Nd2 Bf6 58. Kc2 Bc3 59. Nb1 Bd4 60. Nd2 Be3 61. Nf1 Bf4 62. Kd3 a3 63. Nd2 Bxd2 64. Kxd2 a2 65. g5 a1=Q 66. g6 Qg7 67. Kc2 Qxg6+ 68. Kb2 Kc4 69. Ka1 Qg2 70. Kb1 Kc3 71. Ka1 Qb2# 0-1


[Site "https://www.chess.com"]

[Event "Titled Tuesday Blitz February 15 Early 2022"]
[White "Chernomordik, Pavel"]
[Black "Samaganova, Aleksandra"]
[WhiteFideId "2804530"]
[BlackFideId "13800221"]
[WhiteElo "2249"]
[BlackElo "1859"]
[Result "1-0"]
[Round "11"]
[TimeControl "180+1"]
[Date "2022.02.15"]
[WhiteClock "0:01:07"]
[BlackClock "0:00:02"]

1. e4 c5 2. Nc3 e6 3. f4 a6 4. g3 b5 5. Bg2 Bb7 6. Qe2 Qc7 7. d3 Nf6 8. e5 Nd5 9. Ne4 Nb6 10. Nf3 Be7 11. O-O O-O 12. g4 f5 13. exf6 Bxf6 14. Nxf6+ Rxf6 15. Bd2 Nc6 16. Rae1 Raf8 17. c3 Nd5 18. f5 Nce7 19. Bg5 Nf4 20. Bxf4 Qxf4 21. Ne5 Qg5 22. Bxb7 Rxf5 23. Nxd7 Rxf1+ 24. Rxf1 Rxf1+ 25. Kxf1 Qh6 26. Nxc5 Qh3+ 27. Bg2 Qh6 28. Qxe6+ Qxe6 29. Nxe6 1-0


[Site "https://www.chess.com"]

[Event "Titled Tuesday Blitz February 15 Early 2022"]
[White "Chigaev, Maksim"]
[Black "Jumabayev, Rinat"]
[WhiteFideId "4108116"]
[BlackFideId "13702661"]
[WhiteElo "2502"]
[BlackElo "2561"]
[Result "0-1"]
[Round "11"]
[TimeControl "180+1"]
[Date "2022.02.15"]
[WhiteClock "0:00:03"]
[BlackClock "0:00:05"]

1. e4 e6 2. d4 d5 3. Nc3 Nf6 4. e5 Nfd7 5. f4 c5 6. Nce2 Nc6 7. Nf3 Be7 8. c3 Qa5 9. Be3 Qb6 10. Qd2 a5 11. dxc5 Nxc5 12. Ned4 a4 13. Be2 Ne4 14. Qc1 Bc5 15. O-O O-O 16. Kh1 f6 17. exf6 Rxf6 18. Bd3 Bd7 19. Qc2 Nxd4 20. Nxd4 Bc6 21. b4 axb3 22. axb3 Rxa1 23. Rxa1 Rh6 24. Bxe4 dxe4 25. Ra8+ Kf7 26. f5 Bxd4 27. cxd4 Rf6 28. fxe6+ Kg6 29. Qe2 h5 30. e7 Qb5 31. Qxb5 Bxb5 32. h3 Re6 33. d5 Rxe7 34. d6 Rd7 35. Bc5 e3 36. Re8 e2 37. Re3 Rf7 38. Kh2 Rf1 39. d7 Rd1 40. Bb4 Rxd7 41. Re6+ Kf7 42. Re5 Ba6 43. Rxh5 Rd3 44. Re5 Rxb3 45. Be1 Rb1 46. Bh4 Rf1 47. g4 Kf8 48. Kg2 Rf7 49. Bg3 Rd7 50. Kf2 Kf7 51. h4 Bc4 52. h5 b5 53. g5 Rd1 54. g6+ Kf6 55. Re8 Rf1+ 56. Kg2 Bd5+ 57. Kh3 Bf3 58. Rf8+ Ke6 59. Re8+ Kd7 60. Rf8 Bxh5 61. Rg8 Ke6 62. Rxg7 Kf6 63. Rf7+ Kxg6 64. Re7 Bf3 65. Bh2 Kf5 66. Bg3 Rb1 67. Rf7+ Ke4 68. Re7+ Kd3 69. Bf2 Kc4 70. Kg3 Bd5 71. Rxe2 Rb3+ 72. Re3 Rb2 73. Re1 b4 74. Rc1+ Kd3 75. Rd1+ Ke4 76. Rd4+ Ke5 77. Rf4 Rb3+ 78. Kg4 Be6+ 79. Kg5 Kd5 80. Rd4+ Kc6 81. Be1 Kb5 82. Re4 Bd5 83. Rd4 Bc4 84. Kf4 Rb1 85. Bd2 b3 86. Bc3 Rf1+ 87. Ke3 Rc1 88. Bb2 Rc2 89. Ba1 Ra2 90. Bc3 Rc2 91. Ba1 Kb4 92. Rd8 Ra2 93. Rb8+ Bb5 94. Bd4 b2 95. Bxb2 Rxb2 96. Ke4 Re2+ 97. Kf4 Re6 98. Kf5 Re2 99. Kf4 Kc5 100. Rc8+ Bc6 101. Kf5 Kd5 102. Kf4 Re4+ 103. Kg3 Re7 104. Rb8 Kd4 105. Rb4+ Kc5 106. Rf4 Bd5 107. Ra4 Bc4 108. Ra5+ Kd4 109. Ra4 Kd3 110. Kf4 Re4+ 111. Kf5 Be6+ 0-1


[Site "https://www.chess.com"]